 Dungeon Crawl Stone Soup version 0.21.1-1-g345015f (webtiles) character file.

57154 HammerPanzer the Fencer (level 14, -6/133 HPs)
             Began as a Demonspawn Berserker on Apr 3, 2018.
             Was the Champion of Trog.
             Mangled by a raiju (9 damage)
             ... on level 1 of the Abyss.
             The game lasted 00:56:49 (16215 turns).

HammerPanzer the Fencer (Demonspawn Berserker)     Turns: 16215, Time: 00:56:50

Health: -6/133     AC: 16    Str: 25    XL:     14   Next: 44%
Magic:  4/4        EV:  5    Int:  9    God:    Trog [******]
Gold:   1342       SH: 16    Dex: 11    Spells: 13/13 levels left

rFire    + . .     SeeInvis .   n - +4 scimitar (antimagic)
rCold    + . .     Gourm    .   p - +0 large shield
rNeg     . . .     Faith    .   x - +0 plate armour
rPois    .         Spirit   .   X - +2 helmet
rElec    .         Reflect  .   A - scarf {rC+ rF+}
rCorr    .         Harm     .   m - +2 pair of gloves {Str+3}
MR       +....                  (boots unavailable)
Stlth    ..........             E - amulet of regeneration
HPRegen  0.72/turn              b - +5 ring of slaying
MPRegen  0.09/turn              k - +3 ring of evasion

@: about to teleport, berserk cooldown, drained
A: hooves 3, large bone plates 1, blurry vision 1, [clumsy 1], nightstalker 1,
powered by pain 3, robust 1
a: Berserk, Trog's Hand, Brothers in Arms, Burn Spellbooks, Renounce Religion


You were on level 1 of the Abyss.
You worshipped Trog.
Trog was exalted by your worship.
You were near starving.

You visited 1 branch of the dungeon, and saw 14 of its levels.
You visited the Abyss 1 time.
You also visited: Sewer, Ossuary and Ice Cave.

You collected 1342 gold pieces.

Inventory:

Hand Weapons
 n - a +4 antimagic scimitar (weapon)
 D - a +1 triple sword of electrocution
 G - a +2 long sword of freezing
 M - a +6 great sword of protection
 P - a +3 great sword of flaming
Missiles
 Z - 2 javelins of returning (quivered)
Armour
 m - a +2 pair of gloves of strength (worn)
 p - a +0 large shield (worn)
 x - a +0 plate armour (worn)
 A - a scarf of resistance (worn)
 X - a +2 helmet (worn)
Jewellery
 b - a +5 ring of slaying (left hand)
 k - a +3 ring of evasion (right hand)
 z - an uncursed ring of protection from fire
 E - an amulet of regeneration (around neck)
 K - the ring "Ucux" {*Tele rC+ Int+4 Dex+4 SInv}
   (You found it in an ice cave)

   [ring of teleportation]

   It may teleport you next to monsters.
   It affects your intelligence (+4).
   It affects your dexterity (+4).
   It protects you from cold.
   It lets you see invisible.
 L - an uncursed ring of protection from cold
 Q - an uncursed ring of stealth
 U - an uncursed amulet of the gourmand
Wands
 d - a wand of clouds (6)
 r - a wand of paralysis (18)
 u - a wand of flame (14)
 w - a wand of random effects (65)
 y - a wand of acid (19)
 B - a wand of enslavement (16)
 H - a wand of iceblast (2)
 N - a wand of disintegration (13)
 R - a wand of polymorph (11)
Scrolls
 a - a scroll of brand weapon
 i - 9 scrolls of remove curse
 v - a scroll of enchant weapon
 C - a scroll of fog
 J - 2 scrolls of teleportation
 O - a scroll of fear
 T - 3 scrolls of identify
Potions
 e - 3 potions of mutation
 f - 2 potions of might
 h - 4 potions of ambrosia
 j - 8 potions of curing
 l - a potion of resistance
 o - a potion of magic
 q - a potion of berserk rage
 s - 2 potions of invisibility
 t - 5 potions of haste
 F - 2 potions of agility
 I - 2 potions of lignification
 V - 2 potions of brilliance
 Y - 2 potions of flight
Comestibles
 c - 27 rations
 S - 3 chunks of flesh


   Skills:
 + Level 14.6(13.9) Fighting
 * Level 18.1(17.4) Long Blades
 - Level 1.7(1.2) Armour
 - Level 1.7(1.2) Dodging


You had 13 spell levels left.
You didn't know any spells.

Dungeon Overview and Level Annotations

Branches:
Dungeon (14/15)            Temple (0/1) D:5            Lair (0/6) D:11
    Orc (0/2) D:9          Vaults (0/5) D:14

Altars:
Gozag
Nemelex Xobeh
Okawaru
Ru
Vehumet
Wu Jian
Xom
The Shining One
Beogh

Shops:
D:10 %*=!

Annotations:
D:14 Sonja


Innate Abilities, Weirdness & Mutations

You have hooves in place of feet.
You are partially covered in large bone plates. (SH +4)
You are slightly more attuned to the shadows.
You are powered by pain.
You are robust. (+10% HP)
Scrolls take you a little longer to read.
[You are clumsy. (Dex -2)]


Message History

* * * LOW HITPOINT WARNING * * *
You block the raiju's attack. You block the raiju's attack.
The orc sorcerer hits you but does no damage.
The raiju bites you but does no damage. The raiju bites you.
* * * LOW HITPOINT WARNING * * *
The raiju shocks you!
* * * LOW HITPOINT WARNING * * *
The orc sorcerer hits you but does no damage.
The raiju bursts into living lightning!
The living lightning hits you!
* * * LOW HITPOINT WARNING * * *
The living lightning hits the raiju.
The raiju completely resists.
The raiju blinks! x2
A white imp comes into view.
The raiju bites you.
* * * LOW HITPOINT WARNING * * *
The raiju shocks you!
You die...

.#.#. ##. .
#.#. .#รท#.#
.#..
##...#...# .
w . #..###
.###...
....##....#..
. . . ##5....
...#.###.
.##43# .. .##
#.
#oh##.....# .
#@#....#..#
#h# ......#
#.# .#. .##
#.# .### ###
.. ..


You could see a sun demon, 2 raiju, a chaos spawn, an orc sorcerer and a white
imp.

Vanquished Creatures
  Rupert (D:14)
  A tentacled starspawn (Abyss:1)
  Kirke (D:13)
  Frances (D:14)
  A frost giant (IceCv)
  A blizzard demon (Abyss:1)
  A hydra (D:12)
  3 vault guards (D:14)
  5 centaur warriors
  6 two-headed ogres
  A tengu warrior (D:14)
  A death yak (IceCv)
  An orc high priest (D:12)
  Urug (D:13)
  A wretched star (Abyss:1)
  An unseen horror (D:14)
  The ghost of tidbits the Chiller, a novice GnIE (D:8)
  An orc knight (D:12)
  5 ugly things
  2 orc sorcerers (D:12)
  2 cyclopes (D:14)
  A deep elf mage (D:14)
  2 slime creatures (D:13)
  A worldbinder (Abyss:1)
  A manticore (D:14)
  3 starcursed masses (Abyss:1)
  An ice statue (IceCv)
  A gargoyle (D:12)
  5 centaur skeletons
  A rime drake (shapeshifter) (D:13)
  2 tengu conjurers (D:14)
  A kobold demonologist (D:14)
  5 trolls
  A hydra zombie (Abyss:1)
  3 meliai (D:13)
  A queen bee (D:13)
  16 polar bears (IceCv)
  2 hornets
  A hippogriff (D:11)
  A raiju (Abyss:1)
  A centaur simulacrum (D:14)
  A shadow (D:12)
  A vampire (D:10)
  A ynoxinul (Abyss:1)
  5 wyverns
  A neqoxec (Abyss:1)
  3 wraiths
  A steam dragon (D:10)
  47 yaks
  A hungry ghost (D:12)
  2 basilisks
  2 small abominations (Abyss:1)
  2 acid dragons (D:14)
  2 soldier ants (D:8)
  2 water moccasins
  6 orc warriors
  3 sky beasts
  4 ice beasts
  9 phantoms
  16 centaurs
  2 ogres
  3 boggarts (D:14)
  14 wolves (IceCv)
  The ghost of Eltigrechino the Sneak, an amateur SpAs of Zin (D:3)
  A big kobold (D:14)
  10 bullfrogs
  5 scorpions
  9 wights
  19 killer bees (D:13)
  7 howler monkeys
  6 crimson imps
  2 centaur zombies (Ossuary)
  A quasit (D:12)
  A bullfrog zombie (D:9)
  A bullfrog skeleton (D:8)
  2 hounds
  6 jellies
  4 iguanas
  Jessica (D:3)
  4 orc wizards
  10 worker ants
  4 big kobold zombies (Ossuary)
  A hound zombie (D:6)
  2 hound skeletons
  A howler monkey zombie (D:8)
  4 mummies (Ossuary)
  2 worker ant zombies
  Robin (D:3)
  6 gnolls (D:10)
  18 adders
  A river rat (D:6)
  A shadow imp (D:5)
  13 white imps
  An ufetubus (Abyss:1)
  9 oozes
  An adder skeleton (D:4)
  An adder zombie (D:2)
  7 worms
  3 dart slugs
  19 leopard geckos
  30 orcs
  14 giant cockroaches
  19 goblins
  11 hobgoblins
  7 jackals
  7 quokkas
  6 ball pythons
  11 bats
  19 frilled lizards
  A hobgoblin zombie (Ossuary)
  16 kobolds
  3 leopard gecko skeletons
  2 quokka skeletons
  11 rats
  A fungus (D:13)
559 creatures vanquished.

Vanquished Creatures (others)
  A yak (IceCv)
  A human (D:13)
  A bullfrog (D:9)
  A howler monkey (D:9)
  An orc priest (D:13)
  2 worker ants
  A leopard gecko (D:9)
  3 orcs
  5 starspawn tentacles (Abyss:1)
16 creatures vanquished.

Grand Total: 575 creatures vanquished

Notes
Turn   | Place    | Note
-------+----------+-------------------------------------------
     0 | D:1      | HammerPanzer the Demonspawn Berserker began the quest for the Orb.
     0 | D:1      | Reached XP level 1. HP: 18/18 MP: 1/1
   159 | D:1      | Reached skill level 3 in Long Blades
   218 | D:1      | Gained mutation: You sometimes gain a little power by taking damage. [demonic ancestry]
   218 | D:1      | Reached XP level 2. HP: 24/24 MP: 2/2
   598 | D:1      | Reached ** piety under Trog
   825 | D:2      | Gained mutation: You are partially covered in large bone plates. (SH +4) [demonic ancestry]
   825 | D:2      | Reached XP level 3. HP: 28/29 MP: 3/3
  1104 | D:2      | Found an ornate altar of the Wu Jian Council.
  1241 | D:2      | Reached skill level 4 in Long Blades
  1358 | D:2      | Reached XP level 4. HP: 36/36 MP: 4/4
  1820 | D:3      | Noticed Eltigrechino's ghost (amateur SpAs)
  1831 | D:3      | Killed Eltigrechino's ghost
  1831 | D:3      | Gained mutation: You have large cloven feet. [demonic ancestry]
  1831 | D:3      | Reached XP level 5. HP: 42/42 MP: 5/5
  2290 | D:3      | Noticed Robin
  2307 | D:3      | Reached skill level 5 in Long Blades
  2310 | D:3      | Reached *** piety under Trog
  2323 | D:3      | Killed Robin
  2714 | D:3      | Noticed Jessica
  2718 | D:3      | Killed Jessica
  2772 | D:3      | Gained mutation: You are slightly more attuned to the shadows. [demonic ancestry]
  2772 | D:3      | Reached XP level 6. HP: 30/49 MP: 6/6
  3424 | D:4      | Noticed a two-headed ogre
  3431 | D:4      | Killed a two-headed ogre
  3431 | D:4      | Reached skill level 5 in Fighting
  3431 | D:4      | Reached skill level 7 in Long Blades
  3431 | D:4      | Gained mutation: You have hoof-like feet. [demonic ancestry]
  3431 | D:4      | Reached XP level 7. HP: 14/57 MP: 7/7
  3745 | D:4      | Gained mutation: You sometimes gain power by taking damage. [demonic ancestry]
  3745 | D:4      | Reached XP level 8. HP: 64/64 MP: 8/8
  3989 | D:4      | Found a sacrificial altar of Ru.
  4128 | D:5      | Entered Level 5 of the Dungeon
  4148 | D:5      | Reached skill level 8 in Long Blades
  4172 | D:5      | Found a sand-covered staircase.
  4180 | Ossuary  | Entered an ossuary
  4192 | Ossuary  | Reached **** piety under Trog
  4381 | D:5      | Found a staircase to the Ecumenical Temple.
  5444 | D:6      | Found a sparkling altar of Nemelex Xobeh.
  5498 | D:6      | Reached skill level 9 in Long Blades
  5533 | D:6      | Found an iron altar of Okawaru.
  5670 | D:6      | Found a glowing drain.
  5677 | Sewer    | Entered a sewer
  5809 | Sewer    | Reached ***** piety under Trog
  5928 | Sewer    | Gained mutation: You have hooves in place of feet. [demonic ancestry]
  5928 | Sewer    | Reached XP level 9. HP: 72/72 MP: 9/9
  5938 | Sewer    | Received a gift from Trog
  6859 | D:7      | Reached skill level 10 in Long Blades
  7171 | D:7      | Found a glowing golden altar of the Shining One.
  7313 | D:8      | Noticed a two-headed ogre
  7320 | D:8      | Killed a two-headed ogre
  7395 | D:8      | Noticed a two-headed ogre
  7400 | D:8      | Killed a two-headed ogre
  7400 | D:8      | Reached skill level 11 in Long Blades
  7400 | D:8      | Reached XP level 10. HP: 83/83 MP: 10/10
  7434 | D:8      | Noticed tidbits's ghost (novice GnIE)
  7453 | D:8      | Killed tidbits's ghost
  7827 | D:8      | Found a radiant altar of Vehumet.
  8150 | D:8      | Noticed a centaur warrior
  8160 | D:8      | Killed a centaur warrior
  8160 | D:8      | Reached skill level 12 in Long Blades
  8495 | D:8      | Reached skill level 10 in Fighting
  8824 | D:9      | Found a staircase to the Orcish Mines.
  8882 | D:9      | Noticed a two-headed ogre
  8896 | D:9      | Killed a two-headed ogre
  8896 | D:9      | Gained mutation: You are robust. (+10% HP) [demonic ancestry]
  8896 | D:9      | Reached XP level 11. HP: 101/101 MP: 11/11
  8994 | D:9      | Found a shimmering altar of Xom.
  9338 | D:10     | Entered Level 10 of the Dungeon
  9411 | D:10     | Found Gatuacki's Jewellery Shop.
  9483 | D:10     | Found Ceimeteubb's Distillery.
  9558 | D:10     | Found Niasmum's Jewellery Emporium.
  9558 | D:10     | Found Jeumaett's General Store.
  9594 | D:10     | Reached skill level 13 in Long Blades
  9857 | D:10     | Found Ampyonul's Food Shoppe.
 10187 | D:11     | Found a frozen archway.
 10209 | D:11     | Reached ****** piety under Trog
 10213 | D:11     | Found a staircase to the Lair.
 10221 | IceCv    | Entered an ice cave
 10233 | IceCv    | Received a gift from Trog
 10628 | IceCv    | Reached skill level 14 in Long Blades
 10729 | IceCv    | Gained mutation: You are powered by pain. [demonic ancestry]
 10729 | IceCv    | Reached XP level 12. HP: 93/110 MP: 12/12
 10828 | IceCv    | Noticed a frost giant
 10828 | IceCv    | Noticed a death yak
 10840 | IceCv    | Killed a death yak
 10848 | IceCv    | Killed a frost giant
 10959 | IceCv    | Got a sparkling amber ring
 11461 | D:11     | Reached skill level 15 in Long Blades
 11500 | D:11     | Noticed a two-headed ogre
 11507 | D:11     | Killed a two-headed ogre
 11626 | D:11     | Noticed a two-headed ogre
 11631 | D:11     | Killed a two-headed ogre
 11848 | D:11     | Received a gift from Trog
 12216 | D:11     | Identified the ring "Ucux" {*Tele rC+ Int+4 Dex+4 SInv} (You found it in an ice cave)
 12454 | D:12     | Found a runed door.
 12685 | D:12     | Reached XP level 13. HP: 77/119 MP: 13/13
 12769 | D:12     | Reached skill level 16 in Long Blades
 13463 | D:12     | Found a roughly hewn altar of Beogh.
 13555 | D:13     | Received a gift from Trog
 13713 | D:13     | Noticed Kirke
 13723 | D:13     | Killed Kirke
 14106 | D:13     | Noticed Urug
 14118 | D:13     | Killed Urug
 14541 | D:13     | Found an opulent altar of Gozag.
 14740 | D:14     | Noticed Frances
 14748 | D:14     | HP: 4/183 [Frances/long sword of slicing (21)]
 14749 | D:14     | Killed Frances
 14749 | D:14     | Reached skill level 17 in Long Blades
 15124 | D:14     | Noticed Sonja
 15420 | D:14     | Noticed Rupert
 15434 | D:14     | Killed Rupert
 15434 | D:14     | Reached XP level 14. HP: 68/132 MP: 14/14
 15778 | D:14     | Found a glowing golden altar of the Shining One.
 15968 | D:14     | Found a gate to the Vaults.
 15987 | D:14     | Received a gift from Trog
 16004 | D:14     | Cast into level 1 of the Abyss (Sonja)
 16090 | Abyss:1  | Gained mutation: Scrolls take you a little longer to read. [a neqoxec]
 16148 | Abyss:1  | Reached skill level 18 in Long Blades
 16153 | Abyss:1  | Noticed an ironheart preserver
 16158 | Abyss:1  | Noticed a tentacled starspawn
 16167 | Abyss:1  | Noticed a starcursed mass
 16181 | Abyss:1  | Killed a tentacled starspawn
 16206 | Abyss:1  | HP: 3/133 [raiju (8)]
 16214 | Abyss:1  | HP: 6/133 [raiju/living lightning (15)]
 16215 | Abyss:1  | Mangled by a raiju

Skill      XL: |  1  2  3  4  5  6  7  8  9 10 11 12 13 14 |
---------------+-------------------------------------------+-----
Long Blades    | 3 4 5 7 9 11 12 14 15 17 18 | 18.1
Fighting       | 4 5 6 7 9 10 11 12 14 | 14.6
Armour         | |  1.7
Dodging        | |  1.7

Action                   |  1- 3 |  4- 6 |  7- 9 | 10-12 | 13-15 || total
-------------------------+-------+-------+-------+-------+-------++-------
Melee: Falchion          |   139 |   150 |   337 |   100 |       ||   726
       Kick              |       |    31 |   122 |   196 |   147 ||   496
       Long sword        |       |       |       |   127 |       ||   127
       Triple sword      |       |       |       |   260 |   259 ||   519
       Unarmed           |       |       |       |       |     5 ||     5
       Scimitar          |       |       |       |       |    65 ||    65
Throw: Javelin           |       |       |       |       |     4 ||     4
Invok: Berserk           |       |     4 |     2 |     6 |    14 ||    26
       Burn Spellbooks   |       |     1 |       |     1 |     3 ||     5
  Use: Scroll            |     4 |       |    18 |     6 |     6 ||    34
       Potion            |       |       |       |       |     6 ||     6
 Stab: Sleeping          |       |     1 |       |       |       ||     1
       Distracted        |       |       |       |       |     1 ||     1
  Eat: Chunk             |     2 |     9 |    13 |    23 |    21 ||    68
       Ration            |       |       |     1 |       |     1 ||     2
Armor: Leather armour    |    38 |    40 |     4 |       |       ||    82
       Plate armour      |       |       |    95 |   197 |   184 ||   476
Dodge: Dodged            |    80 |   110 |   115 |   123 |   143 ||   571
Block: Other             |    11 |    29 |    43 |    52 |    49 ||   184
       Large shield      |       |       |    27 |   157 |    32 ||   216
       Rpst.: Falchion   |    32 |    35 |    35 |     4 |       ||   106
       Triple sword      |       |       |       |    17 |    36 ||    53
       Long sword        |       |       |       |     3 |       ||     3
       Scimitar          |       |       |       |       |     3 ||     3
